← All builds
Suicide front / Armada / Factory first / OBSERVED BUILD

Standard suicide front

Armada Suicide front build order · Supreme Isthmus

The role's standard play: bot lab first, Rocketeer/Centurion/Pawn based force pushes into the middle to contest and hold it until T2 arrives.

Usually lab first (63%)

#rush #push · 1309 distinct matches · 127 players · 71% of Armada Suicide front games · team won 59% of 1550 · Recently observed

HOW TO PLAY IT

Key timing: Bot Lab by 0:20

  1. Open with mex and wind, drop Bot Lab immediately.
  2. Push out first "Centurion" as Pond's boost lands.
  3. Send "Rocketeer", "Centurion", "Pawn" mix to contest middle.
  4. Add Dragon's Teeth and Sentries to hold the line.
  5. Get Advanced Metal Extractor up as T2 nears.

Phase by phase

TYPICAL OF ITS 1309 GAMES
  1. 1
  2. 2
  3. 3
PLAY THE OPENING

Follow the example game's first 6:00 step by step: what to build now, what comes next, and where it goes. At 1× it keeps pace with your own game.

  1. 1

    Bot Lab first

    Order
    1. Bot LabBot Lab done ~0:20, middle half 0:20–0:33

    Some games also: mex (37%)

  2. 2

    Bot Lab to 5:00

    Economy
    • Metal Extractor5Mex
    • Wind Turbine4Wind
    Builders
    • Construction Bot3 Con bot
    • Lazarus2 Lazarus
    Army
    • Sentry4 Sentry
    • Rocketeer17 Rocketeer
    • Tick2 Tick
    • Centurion1 Centurion
    Other
    • Radar Tower1 Radar Tower

    Some games also: con turret (35%) · pawn (33%)

    By 5:00 in all: 5 mex · 4 wind

    The example game in this phase · 29 steps
    1. LazarusLazarus
    2. SentrySentry
    3. CenturionCenturion
    4. Wind
    5. Construction BotCon bot ×2
    6. CenturionCenturion
    7. Mex ×2
    8. Radar TowerRadar Tower
    9. Mex
    10. LazarusLazarus
    11. Construction BotCon bot
    12. Mex
    13. SentrySentry
    14. RocketeerRocketeer ×2
    15. SentrySentry
    16. RocketeerRocketeer ×2
    17. SentrySentry
    18. RocketeerRocketeer ×4
    19. Dragon's TeethDragon's Teeth ×2
    20. RocketeerRocketeer ×2
    21. LazarusLazarus ×2
    22. RocketeerRocketeer
    23. Wind
    24. Mex
    25. RocketeerRocketeer
    26. Wind
    27. RocketeerRocketeer
    28. Wind
    29. RocketeerRocketeer
  3. 3

    5:00 to 10:00

    Economy
    • Metal Extractor1Mex
    • Wind Turbine17Wind
    Builders
    • Construction Turret2 Con turret
    • Lazarus2 Lazarus
    • Construction Bot1 Con bot
    Army
    • Sentry1 Sentry
    • Rocketeer8 Rocketeer
    • Pawn1 Pawn

    Some games also: tick (47%) · Radar Tower (46%) · energy storage (46%) · centurion (45%) · Beamer (39%)

    By 10:00 in all: 6 mex · 23 wind · 1 energy storage · 3 con turret

    The example game in this phase · 103 steps
    1. BeamerBeamer
    2. RocketeerRocketeer
    3. Wind
    4. RocketeerRocketeer
    5. CenturionCenturion
    6. BeamerBeamer
    7. Wind
    8. RocketeerRocketeer
    9. Wind
    10. RocketeerRocketeer
    11. Wind
    12. RocketeerRocketeer
    13. Con turret
    14. RocketeerRocketeer
    15. Wind
    16. RocketeerRocketeer ×2
    17. Wind
    18. RocketeerRocketeer
    19. Con turret
    20. Wind
    21. RocketeerRocketeer
    22. Wind ×2
    23. RocketeerRocketeer
    24. Wind
    25. RocketeerRocketeer
    26. Wind
    27. RocketeerRocketeer
    28. Wind
    29. BeamerBeamer
    30. Wind
    31. RocketeerRocketeer
    32. PawnPawn
    33. Wind
    34. PawnPawn
    35. Wind
    36. PawnPawn
    37. Wind
    38. Sneaky PeteSneaky Pete
    39. PawnPawn
    40. Wind
    41. PawnPawn
    42. Wind
    43. PawnPawn
    44. Wind
    45. PawnPawn ×2
    46. SentrySentry
    47. BeamerBeamer
    48. PawnPawn ×2
    49. BeamerBeamer
    50. PawnPawn
    51. Advanced Metal ExtractorT2 mexdone 10:52 · typical 9:36
    52. LazarusLazarus
    53. BeamerBeamer
    54. LazarusLazarus
    55. BeamerBeamer
    56. PawnPawn ×3
    57. Advanced Metal ExtractorT2 mex
    58. PawnPawn
    59. TickTick
    60. Construction BotCon bot
    61. Mex
    62. Construction BotCon bot
    63. Advanced Metal ExtractorT2 mex
    64. SentrySentry
    65. Construction BotCon bot
    66. SentrySentry
    67. Construction BotCon bot
    68. Con turret
    69. Construction BotCon bot
    70. TickTick ×4
    71. PawnPawn
    72. Mexfor Front
    73. PawnPawn
    74. Wind
    75. PawnPawn ×3
    76. Advanced Metal ExtractorT2 mex
    77. PawnPawn
    78. Radar TowerRadar Tower
    79. Con turret
    80. PawnPawn
    81. Wind
    82. SentrySentry
    83. Wind ×2
    84. PawnPawn
    85. RattlesnakeRattlesnakedone 14:21
    86. Construction BotCon bot
    87. Wind ×2
    88. Construction BotCon bot
    89. Wind ×2
    90. PawnPawn ×3
    91. Wind
    92. PawnPawn
    93. SentrySentry
    94. PawnPawn
    95. RattlesnakeRattlesnake
    96. Wind
    97. PawnPawn ×2
    98. Radar TowerRadar Tower
    99. Wind
    100. PawnPawn
    101. Wind
    102. PawnPawn ×2
    103. Wind ×3

Counts are medians over the build's games: half of them build more, half fewer. The example game is heart_attack's (36 OS, 04/09/2026); pick another.

Team trades

IN AT LEAST 30% OF ITS GAMES

You hand over

Nothing regular.

You get

  • Tidal Generator4 Tidal from Pondfirst at 0:10 · in 69% of games
  • Advanced Construction Bot1 T2 con bot from Geo or Techfirst at 7:30 · in 59% of games

How it plays out

Typical game of this build, running totals by minute

Metal produced

010k20k30k
0:005:0010:0015:00

metal

Enemy metal destroyed

05k10k
0:005:0010:0015:00

metal

Own metal lost

05k10k
0:005:0010:0015:00

metal

1550 games.

Show as table
ByMetal produced: This buildEnemy metal destroyed: This buildOwn metal lost: This build
1:0022600
2:0088900
3:002051180106
4:003161660496
5:00424314171026
6:00543423001787
7:00667231752706
8:00792440303613
9:00931647974495
10:001069854325318
11:001225359116059
12:001410665186829
13:001622670297536
14:001809577098373
15:002043283489240
WHAT THE NUMBERS SAY

Standard suicide front play wins slightly more than half its games with fast kills but also fast losses, matching the raw grind of the role.

  • + First kill lands by 2:04 in all games
  • + Metal produced reaches 19882 by 15:00
  • − Own metal lost hits 9208 by 15:00, near metal destroyed of 8172
  • − First unit lost as early as 2:08 in every game
THE EXAMPLE YOU ARE READING

heart_attack

35.9 OS · 04/09/2026

Open source match ↗

8 received units · includes a constructor
48 metal received · 13045 energy received

Allied construction assistance is unknown. Timings are observations, not a promise of solo reproducibility.

Typical milestones

Bot Lab0:20Middle 50%: 0:20–0:33 · n=1543
Advanced Metal Extractor9:36Middle 50%: 8:42–10:48 · n=1143

Played most by

_X_253games of this buildPlatinumBlonde181games of this buildXad127games of this buildImmort74games of this buildwatermeloans60games of this build